 Dungeon Crawl Stone Soup version 0.26-a0-812-g31a745ddcd (webtiles) character file.

Game seed: 8162934482457701050

50 Dracia the Skirmisher (level 3, 0/30 HPs)
             Began as a Demonspawn Wanderer on Dec 3, 2020.
             Slain by a centaur (5 damage)
             ... on level 2 of the Dungeon.
             The game lasted 00:02:27 (1083 turns).

Dracia the Skirmisher (Demonspawn Wanderer)         Turns: 1083, Time: 00:02:27

Health: 0/30       AC:  4    Str:  9 (11) XL:     3   Next: 55%
Magic:  3/3        EV: 11    Int: 13 (14) God:
Gold:   51         SH:  0    Dex: 10 (13) Spells: 2/2 levels left

rFire    . . .     SeeInvis .   k - +2 dagger (venom)
rCold    . . .     Faith    .   (no shield)
rNeg     . . .     Spirit   .   i - +0 leather armour
rPois    .         Reflect  .   (helmet restricted)
rElec    .         Harm     .   (no cloak)
rCorr    .         Rampage  .   h - +0 pair of gloves
MR       .....                  (no boots)
Stlth    +.........             (no amulet)
HPRegen  0.10/turn              (no ring)
MPRegen  0.08/turn              (no ring)

@: no status effects
A: horns 1
a: no special abilities


You were on level 2 of the Dungeon.
You visited 1 branch of the dungeon, and saw 2 of its levels.

You collected 51 gold pieces.


Innate Abilities, Weirdness & Mutations

You have a pair of small horns on your head.


   Skills:
 - Level 4.0 Fighting
 + Level 0.9 Short Blades
 - Level 3.3 Polearms
 + Level 1.8 Dodging
 - Level 1.0 Stealth
   Level 2.0 Evocations


You had 2 spell levels left.
You didn't know any spells.
Your spell library was empty.

Inventory:

Hand Weapons
 a - a +2 spear
 k - a +2 dagger of venom (weapon)
Missiles
 f - 15 poisoned darts (quivered)
 g - 2 throwing nets {=f=f}
Armour
 c - a +0 robe
 h - a +0 pair of gloves (worn)
 i - a +0 leather armour (worn)
Scrolls
 d - 3 scrolls of identify {unknown}
Potions
 b - 2 potions of curing {@q1@q1}
 e - a potion of flight {unknown}
 l - a potion of haste {unknown}

Dungeon Overview and Level Annotations

Branches:
Dungeon (2/15)

Altars:

# ########## #
#########........# #
#..c@.(.'.(......####
#.#######........(...
#.........#..
#............
############†#..
......[.)....#.#
##########..)#.#
#...#.# #...#.#


You could see a centaur (extremely poisoned).


Message History

The arrow hits you!
You see here an arrow.
The centaur shoots an arrow.
The arrow completely misses you.
The centaur unwields a +0 shortbow.
The centaur closely misses you.
You hit the centaur.
The centaur is poisoned.
You headbutt the centaur.
The centaur is lightly wounded.
The centaur completely misses you.
You hit the centaur.
The centaur looks as sick as possible!
The centaur is lightly wounded.
The centaur hits you.
* * * LOW HITPOINT WARNING * * *
The centaur hits you but does no damage.
You are too injured to fight recklessly!
You are too injured to fight recklessly!
Unknown command.
You hit the centaur but do no damage.
The centaur looks as sick as possible!
The centaur is moderately wounded.
The centaur barely misses you.
You hit the centaur.
The centaur looks as sick as possible!
The centaur is heavily wounded.
The centaur hits you.
* * * LOW HITPOINT WARNING * * *
The centaur hits you!
* * * LOW HITPOINT WARNING * * *
Unknown command.
It was a potion of degeneration.
There was something very wrong with that liquid.
You feel weakened.
You feel dopey.
You feel clumsy. The centaur hits you.
You die...

Skill      XL: |  1  2 |
---------------+-------+-----
Polearms       | 3 |  3.3
Dodging        | 1 |  1.8
Fighting       | |  4.0
Short Blades   | |  0.9
Stealth        | |  1.0
Evocations     | |  2.0

Action                   || total
-------------------------++-------
Melee: Spear             ||    49
       Dagger            ||    35
       Headbutt          ||    11
  Use: Potion            ||     1
 Stab: Sleeping          ||     2
Armor: Robe              ||     9
       Leather armour    ||    26
Dodge: Dodged            ||    52

Levels and vault maps discovered:
D:1:      tarquinn_simple_flora_water_e, layout_rooms
D:2:      layout_basic

Notes
Turn   | Place    | Note
-------+----------+-------------------------------------------
     0 | D:1      | Dracia the Demonspawn Wanderer began the quest for the Orb.
     0 | D:1      | Dracia set off with the following items: a +2 spear, 2
                  | potions of curing {@q1@q1}, a +0 robe
     0 | D:1      | Reached XP level 1. HP: 19/19 MP: 1/1
    36 | D:1      | Reached skill level 3 in Polearms
    57 | D:1      | Gained mutation: You have a pair of small horns on your
                  | head. [demonic ancestry]
    57 | D:1      | Reached XP level 2. HP: 18/25 MP: 2/2
   253 | D:1      | Reached skill level 1 in Dodging
   666 | D:2      | Reached XP level 3. HP: 30/30 MP: 3/3
  1074 | D:2      | Noticed a centaur
  1083 | D:2      | Slain by a centaur

Vanquished Creatures
  An adder (D:2)
  2 worms (D:2)
  3 dart slugs (D:1)
  A leopard gecko (D:1)
  5 bats
  A giant cockroach (D:1)
  3 hobgoblins (D:1)
  A ball python (D:1)
  3 goblins
  6 kobolds
  4 rats
30 creatures vanquished.

Table legend: (Time is in decaauts)
 A = Elapsed time spent in this place.
 B = Non-inter-level travel time spent in this place.
 C = Inter-level travel time spent in this place.
 D = Time resting spent in this place.
 E = Time spent auto-exploring this place.
 F = Levels seen in this place.
 G = Mean time per level.
                   A        B        C        D        E       F      G
               +--------+--------+--------+--------+--------+-----+--------+
         Total |   1078 |   1057 |     21 |    191 |    659 |   2 |  539.0 |
       Dungeon |   1078 |   1057 |     21 |    191 |    659 |   2 |  539.0 |
               +--------+--------+--------+--------+--------+-----+--------+

Top non-repeatable levels by time:
     D:1: 633 daAuts
     D:2: 445 daAuts

Table legend:
 A = Non-vault XP
 B = Vault XP
 C = Vault XP percentage of total XP
 D = Non-vault monster count
 E = Vault monster count
 F = Vault count percentage of total count
                 A         B        C        D         E       F
            +---------+---------+-------+---------+---------+-------
      Total |      72 |       0 |   0.0 |      30 |       0 |   0.0
            +---------+---------+-------+---------+---------+-------
        D:1 |      38 |       0 |   0.0 |      19 |       0 |   0.0
        D:2 |      34 |       0 |   0.0 |      11 |       0 |   0.0
            +---------+---------+-------+---------+---------+-------
